 Dungeon Crawl Stone Soup version 0.25-a0-289-g406d6369f5 (webtiles) character file.

Game seed: 14998956482350185154, levelgen mode: deterministic

197848 DerDa the Eclecticist (level 17, -12/137 HPs)
             Began as a Red Draconian Conjurer on Dec 11, 2019.
             Was an Elder of Sif Muna.
             Mangled by a spark wasp (15 damage)
             ... on level 4 of the Spider Nest on Dec 13, 2019.
             The game lasted 05:16:29 (41193 turns).

DerDa the Eclecticist (Red Draconian Conjurer)     Turns: 41193, Time: 05:16:33

Health: -12/137    AC: 20    Str: 14    XL:     17   Next: 79%
Magic:  6/39       EV: 12    Int: 21    God:    Sif Muna [****..]
Gold:   3050       SH:  7    Dex: 13    Spells: 16/53 levels left

rFire    + . .     SeeInvis +   a - +9 spear of the Enemy {flame, +Blink Str-3 SInv Stlth-}
rCold    + + +     Gourm    .   F - +2 buckler
rNeg     . . .     Faith    .   (armour unavailable)
rPois    +         Spirit   .   T - +1 hat {MR+}
rElec    .         Reflect  .   I - +3 cloak "Zieqaloano" {rC+}
rCorr    .         Harm     .   S - +2 pair of gloves {Str+3}
MR       ++...                  U - +2 pair of boots {run}
Stlth    +.........             P - amulet of regeneration
HPRegen  0.72/turn              u - ring of Cisaidav {rC++ Str+3 SInv}
MPRegen  0.26/turn              J - ring of poison resistance

@: quick
A: breathe fire, unfitting armour, fire resistance 1, cold-blooded, AC +9
}: 1/15 runes: decaying
a: Breathe Fire, Channel Magic, Forget Spell, Divine Exegesis, Renounce
Religion, Evoke Blink


You were on level 4 of the Spider Nest.
You worshipped Sif Muna.
Sif Muna was greatly pleased with you.
You were not hungry.

You visited 6 branches of the dungeon, and saw 32 of its levels.
You also visited: Sewer, Gauntlet, Ice Cave and Volcano.

You collected 3532 gold pieces.
You spent 482 gold pieces at shops.

Inventory:

Hand Weapons
 a - the +9 spear of the Enemy (weapon) {flame, +Blink Str-3 SInv Stlth-}
   (You bought it in a shop on level 12 of the Dungeon)

   It has been specially enchanted to burn those struck by it, causing extra
   injury to most foes and up to half again as much damage against particularly
   susceptible opponents.
   It affects your strength (-3).
   It lets you see invisible.
   It lets you blink.
   It makes you less stealthy.
 o - a +0 hand crossbow
Missiles
 k - 272 bolts
 z - 2 throwing nets (quivered)
Armour
 F - a +2 buckler (worn)
 I - the +3 cloak "Zieqaloano" (worn) {rC+}
   (You found it on level 2 of the Dungeon)

   It protects you from cold.
 S - a +2 pair of gloves of strength (worn)
 T - a +1 hat of magic resistance (worn)
 U - a +2 pair of boots of running (worn)
Magical Staves
 b - an uncursed staff of energy
 m - an uncursed staff of conjuration
Jewellery
 p - the amulet of Rujaoz {Acrobat +Blink rN+}
   (You found it on level 15 of the Dungeon)

   [amulet of the acrobat]

   It helps you evade while moving and waiting.
   It protects you from negative energy.
   It lets you blink.
 u - the ring of Cisaidav (left hand) {rC++ Str+3 SInv}
   (You found it on level 4 of the Lair of Beasts)

   [ring of strength]

   It affects your strength (+3).
   It greatly protects you from cold.
   It lets you see invisible.
 E - an uncursed ring of flight
 G - an uncursed ring of resist corrosion
 J - a ring of poison resistance (right hand)
 N - an uncursed ring of magical power
 P - an amulet of regeneration (around neck)
 W - a +6 ring of intelligence
Wands
 d - a wand of digging (6)
 e - a wand of iceblast (16)
 l - a wand of enslavement (11)
 v - a wand of clouds (3)
 x - a wand of random effects (9)
 H - a wand of polymorph (28)
 K - a wand of paralysis (9)
Scrolls
 g - 3 scrolls of fear
 j - 12 scrolls of enchant armour
 q - 14 scrolls of teleportation
 s - 7 scrolls of magic mapping
 t - 20 scrolls of remove curse
 w - 4 scrolls of immolation
 y - 9 scrolls of fog
 C - 2 scrolls of summoning
 M - a scroll of holy word
 O - a scroll of amnesia
 V - 3 scrolls of brand weapon
Potions
 c - a potion of agility
 f - 7 potions of brilliance
 i - 3 potions of heal wounds
 r - 3 potions of haste
 A - 6 potions of might
 B - 7 potions of ambrosia
 D - 9 potions of curing
 L - 2 potions of invisibility
 Q - 2 potions of magic
 R - 2 potions of cancellation
 Y - a potion of berserk rage
Miscellaneous
 X - a lamp of fire (inert)
Comestibles
 h - 25 rations
 n - 2 chunks of flesh


   Skills:
 + Level 9.1 Fighting
 - Level 1.7 Dodging
 - Level 1.7 Stealth
 - Level 4.0 Shields
 * Level 18.9 Spellcasting
 + Level 18.5 Conjurations
 * Level 10.6 Fire Magic
 + Level 6.4 Air Magic
 + Level 7.3 Invocations


You had 16 spell levels left.
You knew the following spells:

 Your Spells              Type           Power        Failure   Level  Hunger
a - Magic Dart            Conj           ####         0%          1    None
b - Searing Ray           Conj           ######       0%          2    None
c - Fulminant Prism       Conj/Hex       ######....   1%          4    None
d - Iskenderun's Mystic   Conj/Tloc      ######..     1%          4    None
e - Summon Lightning Spi  Summ/Air       ####....     7%          4    None
f - Airstrike             Air            #####.....   1%          4    None
g - Starburst             Conj/Fire      ######....   1%          6    ####...
h - Orb of Destruction    Conj           #######...   1%          7    ######.
i - Fireball              Conj/Fire      ######....   1%          5    #......

Your spell library contained the following spells:

 Spells                   Type           Power        Failure   Level  Hunger
 Foxfire                  Conj/Fire      ####         0%          1    None
 Shock                    Conj/Air       ####         0%          1    None
 Swiftness                Chrm/Air       ####....     1%          2    None
 Conjure Flame            Conj/Fire      ######..     1%          3    None
 Dazzling Flash           Conj/Hex       ######       1%          3    None
 Inner Flame              Hex/Fire       #####...     1%          3    None
 Static Discharge         Conj/Air       ######..     1%          3    None
 Stone Arrow              Conj/Erth      ######       1%          3    None
 Hailstorm                Conj/Ice       ######..     1%          4    None
 Sticky Flame             Conj/Fire      ######..     1%          4    None
 Irradiate                Conj/Tmut      ######....   1%          5    #......
 Iskenderun's Battlesphe  Conj/Chrm      ######..     1%          5    #......
 Lightning Bolt           Conj/Air       ######....   1%          5    #......
 Animate Skeleton         Necr           N/A          2%          1    None
 Apportation              Tloc           ###...       2%          1    None
 Confusing Touch          Hex            ###...       2%          1    None
 Corona                   Hex            ###....      2%          1    None
 Freeze                   Ice            ###.         2%          1    None
 Pain                     Necr           ###.         2%          1    None
 Sandblast                Erth           ###...       2%          1    None
 Summon Small Mammal      Summ           ###.         2%          1    None
 Conjure Ball Lightning   Conj/Air       ######....   2%          6    ####...
 Blink                    Tloc           N/A          4%          2    None
 Call Imp                 Summ           ###.....     4%          2    None
 Ensorcelled Hibernation  Hex/Ice        ###...       4%          2    None
 Passwall                 Tmut/Erth      ###.....     4%          2    None
 Call Canine Familiar     Summ           ###.....     8%          3    None
 Confuse                  Hex            ###.....     8%          3    None
 Gell's Gravitas          Tloc           ###.......   8%          3    None
 Lesser Beckoning         Tloc           ###.......   8%          3    None
 Ozocubu's Armour         Chrm/Ice       ###.....     8%          3    None
 Recall                   Summ/Tloc      N/A          8%          3    None
 Regeneration             Chrm/Necr      ###.......   8%          3    None
 Spider Form              Tmut/Pois      ###.......   8%          3    None
 Summon Guardian Golem    Hex/Summ       ###.....     8%          3    None
 Tukima's Dance           Hex            ###.....     8%          3    None
 Vampiric Draining        Necr           ###.......   8%          3    None
 Iron Shot                Conj/Erth      ######....   9%          6    ####...
 Freezing Cloud           Conj/Ice/Air   ######....   13%         6    ####...
 Silence                  Hex/Air        ####......   19%         5    #......
 Animate Dead             Necr           N/A          26%         4    None
 Cause Fear               Hex            ###.......   26%         4    None
 Ice Form                 Ice/Tmut       ###.....     26%         4    None
 Passage of Golubria      Tloc           N/A          26%         4    None
 Petrify                  Tmut/Erth      ###.....     26%         4    None
 Summon Ice Beast         Ice/Summ       ###.....     26%         4    None
 Spellforged Servitor     Conj/Summ      ######....   45%         7    ######.
 Agony                    Necr           ###.....     58%         5    #......
 Aura of Abjuration       Summ           ###.......   58%         5    #......
 Lee's Rapid Deconstruct  Erth           ###.......   58%         5    #......
 Metabolic Englaciation   Hex/Ice        ###.......   58%         5    #......
 Summon Forest            Summ/Tloc      ###.......   58%         5    #......
 Yara's Violent Unravell  Hex/Tmut       ###.......   58%         5    #......
 Deflect Missiles         Chrm/Air       ####......   71%         6    ####...
 Chain Lightning          Conj/Air       ######....   71%         8    #######
 Lehudib's Crystal Spear  Conj/Erth      ######....   98%         8    #######
 Dispersal                Tloc           ###.......   99%         6    ####...
 Eringya's Noxious Bog    Tmut/Pois      ###.......   99%         6    ####...
 Invisibility             Hex            ###.....     99%         6    ####...
 Shadow Creatures         Summ           N/A          99%         6    ####...
 Statue Form              Tmut/Erth      ###......    99%         6    ####...
 Controlled Blink         Tloc           N/A          100%        8    #######
 Discord                  Hex            ###.......   100%        8    #######
 Fire Storm               Conj/Fire      ######....   100%        9    #######
 Glaciate                 Conj/Ice       ######....   100%        9    #######
 Tornado                  Air            #####.....   100%        9    #######


Dungeon Overview and Level Annotations

Branches:
Dungeon (15/15)            Temple (1/1) D:6            Lair (6/6) D:9
  Swamp (4/4) Lair:2       Spider (4/4) Lair:4        Slime (0/5) Lair:6
    Orc (2/2) D:9             Elf (0/3) Orc:2        Vaults (0/5) D:13
 Depths (0/5) D:15          Sewer (visited)           IceCv (visited)
Volcano (visited)         Gauntlet (visited)

Altars:
Ashenzari
Cheibriados
Dithmenos
Elyvilon
Fedhas
Gozag
Hepliaklqana
Kikubaaqudgha
Makhleb
Nemelex Xobeh
Okawaru
Qazlal
Ru
Sif Muna
Trog
Uskayaw
Vehumet
Wu Jian
Xom
Yredelemnul
Zin
The Shining One

Shops:
D:4 }*=(?   D:6 *   D:8 }   D:12 (   D:15 %*   Orc:2 ([*?%


Innate Abilities, Weirdness & Mutations

You can breathe blasts of fire.
Your fiery red scales are hard. (AC +9)
You cannot fit into any form of body armour.
Your flesh is heat resistant. (rF+)
You are cold-blooded and may be slowed by cold attacks.


Message History

The spark wasp stings you! The spark wasp shocks you!
You block the spark wasp's attack.
You feel somewhat more hungry. Sif Muna will no longer gift you books.
The spark wasp stings you! The spark wasp shocks you!
* * * LOW HITPOINT WARNING * * *
Unknown command.
Casting: Airstrike (safe; 1% risk of failure)
Confirm with . or Enter, or press ? or * to list all spells.
Aiming: Airstrike (safe; 1% risk of failure)
Press: ? - help, Dir - move target cursor, f/p - spark wasp
Aim: a spark wasp (heavily wounded)
The air twists around and violently strikes the spark wasp!!
The spark wasp is severely wounded.
The spark wasp stings you!!
* * * LOW HITPOINT WARNING * * *
The spark wasp shocks you!
* * * LOW HITPOINT WARNING * * *
The spark wasp stings you!
You die...

.^####.#.≈..≈^^^###^...#..
.....#.#..................
.....<.........[.^........
.^$......................^
.......†..................
.?.......†....^.........##
.........).%.%........####
........y^.....#^....##..#
....^....@.....^....##....
....#...............##=.!.
... ##...^..#†^......##!..
.# #^...........^..#.###
#####.#^<.^......####
######...........
##...####### ##.## ###


You could see a spark wasp.

Vanquished Creatures
  Bai Suzhen (Spider:2)
  A bone dragon (Swamp:4)
  Jorgrun (D:14)
  Frances (D:13)
  A thorn hunter (Swamp:3)
  An emperor scorpion (Spider:4)
  Louise (Spider:3)
  An entropy weaver (Spider:2)
  Nessos (Lair:5)
  Azrael (D:13)
  The ghost of nht the Brawler, a journeyman TrTm of Ru (Lair:6)
  A minotaur (Gauntlet)
  A spark wasp (Spider:4)
  Snorg (Lair:3)
  An ettin (Orc:1)
  A fire dragon (D:15)
  Harold (D:9)
  A shambling mangrove (Swamp:2)
  13 hydras
  6 ghost crabs
  An ogre mage (D:13)
  12 alligators
  3 centaur warriors
  5 two-headed ogres
  2 catoblepae
  A deep troll shaman (Lair:6)
  7 death yaks
  An orc high priest (Orc:2)
  Sonja (D:13)
  4 skeletal warriors
  4 unseen horrors
  A spectral hydra (Swamp:4)
  2 spriggan druids
  A flayed ghost (D:14)
  5 swamp dragons
  A glowing orange brain (shapeshifter) (D:14)
  3 lindwurms
  A phantasmal warrior (Swamp:4)
  2 necromancers
  10 orb spiders
  3 ugly things (D:14)
  4 orc sorcerers (Orc:2)
  A cyclops (D:10)
  23 wolf spiders
  2 deep elf magi (D:15)
  2 orc knights
  2 oklob plants (Lair:2)
  5 centaur zombies
  A moth of wrath (Spider:3)
  15 elephants
  5 black mambas
  4 ice statues
  Maurice (D:8)
  The ghost of RussianWR the Chopper, a novice DDFi (D:6)
  Joseph (D:9)
  Psyche (D:8)
  A toenail golem (Volcano)
  2 naga magi (D:15)
  5 molten gargoyles
  A torpor snail (Spider:2)
  17 spiny frogs
  3 gargoyles
  A kobold demonologist (D:14)
  5 swamp worm zombies (Swamp:4)
  4 komodo dragons
  2 efreet (Volcano)
  17 demonic crawlers
  3 rime drakes
  11 ice devils
  A queen bee (D:9)
  7 trolls
  3 hydra zombies (Swamp:4)
  21 jumping spiders
  4 polar bears
  Prince Ribbit (D:9)
  14 slime creatures
  16 hornets
  13 bog bodies
  A dream sheep (Lair:6)
  A harpy skeleton (D:15)
  10 tyrant leeches
  8 blink frogs
  8 hippogriffs
  2 spectral swamp dragons (Swamp:4)
  An alligator zombie (Swamp:4)
  6 shadows
  4 wraiths
  2 meliai zombies
  A vampire (D:12)
  26 tarantellas
  45 yaks
  4 spriggans
  2 basilisks
  42 redbacks
  A wyvern (Lair:1)
  Grum (D:11)
  7 fire elementals
  6 hungry ghosts
  34 vampire mosquitoes
  Menkaure (D:2)
  A steam dragon (D:11)
  16 insubstantial wisps
  2 two-headed ogre zombies (D:9)
  19 swamp worms
  A soldier ant (D:13)
  3 hell hounds (D:13)
  11 water moccasins
  7 porcupines
  13 swamp drakes
  4 sky beasts
  A black bear (D:10)
  24 orc warriors
  3 phantoms
  Purgy (D:3)
  4 ice beasts
  A necrophage (D:2)
  9 ogres
  14 wolves
  4 swamp dragon zombies (Swamp:4)
  19 centaurs
  8 crocodiles
  A big kobold (D:11)
  19 bullfrogs
  2 earth elementals (Volcano)
  A wyvern zombie (D:12)
  A troll zombie (D:9)
  4 scorpions
  29 killer bees
  4 howler monkeys
  5 electric eels
  10 crimson imps
  2 draconian simulacra (IceCv)
  2 quasits
  7 hounds
  38 orc wizards
  24 orc priests
  2 bullfrog skeletons
  6 centaur skeletons
  6 jellies
  3 iguanas
  Natasha (thrice) (D:3)
  3 spectral swamp drakes (Swamp:4)
  2 troll simulacra (IceCv)
  13 worker ants
  2 centaur simulacra
  5 ogre zombies (D:9)
  2 hound skeletons
  2 hound zombies
  Robin (D:3)
  14 gnolls
  2 swamp drake zombies (Swamp:4)
  8 adders
  5 naga simulacra (IceCv)
  2 shadow imps
  3 oozes (Lair:6)
  An adder zombie (D:4)
  5 worms
  A dart slug (D:3)
  8 leopard geckos
  58 orcs
  8 bats
  9 giant cockroaches
  21 goblins
  7 hobgoblins
  15 jackals
  17 kobolds
  7 quokkas
  7 ball pythons
  11 frilled lizards
  A goblin skeleton (D:9)
  3 goblin zombies (D:9)
  5 hobgoblin zombies (D:9)
  A jackal zombie (D:6)
  A leopard gecko skeleton (D:4)
  3 orc skeletons (D:9)
  13 orc zombies (D:9)
  A quokka zombie (D:2)
  3 rats
  A fire vortex (Volcano)
  2 fulminant prisms
  4 fungi
  8 plants
1159 creatures vanquished.

Vanquished Creatures (collateral kills)
  A hydra (Lair:6)
  An alligator (Swamp:3)
  A cyclops (D:14)
  3 spiny frogs
  A komodo dragon (Lair:5)
  A water moccasin (Lair:6)
  A crocodile (D:15)
9 creatures vanquished.

Vanquished Creatures (others)
  Nikola (Spider:3)
  A hydra (Swamp:1)
  A spriggan (Swamp:4)
  A blink frog (Lair:6)
  2 jumping spiders (Spider:3)
  A hornet (Swamp:4)
  A tarantella (Spider:3)
  A redback (Spider:4)
  An insubstantial wisp (Swamp:4)
  A crocodile (Lair:6)
  A fire vortex (Volcano)
  359 fulminant prisms
  4 fungi
  2 plants (Lair:6)
377 creatures vanquished.

Grand Total: 1545 creatures vanquished

Notes
Turn   | Place    | Note
-------+----------+-------------------------------------------
     0 | D:1      | DerDa the Draconian Conjurer began the quest for the Orb.
     0 | D:1      | Reached XP level 1. HP: 14/14 MP: 3/3
   145 | D:1      | Reached XP level 2. HP: 20/20 MP: 0/5
   149 | D:1      | Learned a level 2 spell: Searing Ray
   699 | D:2      | Reached skill level 5 in Conjurations
   699 | D:2      | Reached XP level 3. HP: 24/26 MP: 3/6
   902 | D:2      | Found a basalt altar of Yredelemnul.
   905 | D:2      | Noticed Menkaure
   917 | D:2      | Found a transporter.
   929 | D:2      | Found a transporter.
   942 | D:2      | Noticed a necrophage
   943 | D:2      | Found an ancient bone altar of Kikubaaqudgha.
  1132 | D:2      | Found a radiant altar of Vehumet.
  1169 | D:2      | Reached XP level 4. HP: 33/33 MP: 3/7
  1490 | D:3      | Found a glowing drain.
  1533 | Sewer    | Entered a sewer
  2488 | D:3      | Learned a level 4 spell: Fulminant Prism
  2551 | D:3      | Noticed Natasha
  2562 | D:3      | Killed Natasha
  2562 | D:3      | Reached XP level 5. HP: 38/38 MP: 3/9
  2726 | D:3      | Noticed Purgy
  2774 | D:3      | Killed Purgy
  2874 | D:3      | Noticed Robin
  2922 | D:3      | Killed Robin
  2938 | D:3      | Reached XP level 6. HP: 44/45 MP: 2/11
  3036 | D:3      | Learned a level 4 spell: Iskenderun's Mystic Blast
  3083 | D:3      | Noticed Natasha
  3089 | D:3      | Killed Natasha
  3255 | D:3      | Noticed Natasha
  3261 | D:3      | Killed Natasha
  3322 | D:4      | Found Lorauril's Magic Scroll Shop.
  3331 | D:4      | Bought a scroll of teleportation for 30 gold pieces
  3331 | D:4      | Bought a scroll of fog for 20 gold pieces
  3560 | D:4      | Your scales start taking on a fiery red colour.
  3560 | D:4      | Reached XP level 7. HP: 50/50 MP: 11/13
  3560 | D:4      | Gained mutation: Your flesh is heat resistant. (rF+) [Red
                  | Draconian growth]
  3725 | D:4      | Found Cosal's Jewellery Shop.
  3729 | D:4      | Bought a cursed amulet of inaccuracy for 26 gold pieces
  3824 | D:4      | Reached skill level 5 in Spellcasting
  3889 | D:4      | Found Moatwaah's Weapon Emporium.
  4207 | D:4      | Found Jounicawuma's General Store.
  4215 | D:4      | Bought a scroll of identify for 26 gold pieces
  4215 | D:4      | Bought a potion of degeneration for 13 gold pieces
  4215 | D:4      | Bought a potion of might for 52 gold pieces
  4215 | D:4      | Bought a scroll of remove curse for 39 gold pieces
  4215 | D:4      | Found a hazy altar of Hepliaklqana.
  4222 | D:4      | Found a blossoming altar of Fedhas.
  4281 | D:4      | Found Sizxewk's Gadget Emporium.
  4289 | D:4      | Found an iron altar of Okawaru.
  4338 | D:5      | Entered Level 5 of the Dungeon
  4947 | D:6      | Reached XP level 8. HP: 54/57 MP: 9/16
  5185 | D:6      | Reached skill level 1 in Shields
  5315 | D:6      | Found a glowing silver altar of Zin.
  5315 | D:6      | Found an opulent altar of Gozag.
  5366 | D:6      | Found a runed translucent door.
  5366 | D:6      | Noticed RussianWR's ghost (novice DDFi)
  5390 | D:6      | Found Aroitiutz's General Store.
  5475 | D:6      | Found a staircase to the Ecumenical Temple.
  5487 | Temple   | Entered the Ecumenical Temple
  5552 | Temple   | Became a worshipper of Sif Muna the Loreminder
  5621 | D:6      | Identified the +10 scimitar "Eqajooc" {antimagic, rC+
                  | Int+4}
  5873 | D:2      | Killed Menkaure
  5901 | D:2      | Got a transparent cloak
  5928 | D:2      | Identified the +3 cloak "Zieqaloano" {rC+} (You found it on
                  | level 2 of the Dungeon)
  6056 | D:7      | Found a sacrificial altar of Ru.
  6108 | D:7      | Found a shadowy altar of Dithmenos.
  6512 | D:7      | Reached XP level 9. HP: 62/62 MP: 11/20
  6823 | D:8      | Reached skill level 10 in Conjurations
  6856 | D:8      | Noticed a two-headed ogre
  6887 | D:8      | Reached * piety under Sif Muna
  6905 | D:8      | Noticed Maurice
  6998 | D:8      | Killed Maurice
  7001 | D:8      | Killed a two-headed ogre
  7001 | D:8      | Reached XP level 10. HP: 69/69 MP: 3/23
  7043 | D:8      | Found a stormy altar of Qazlal.
  7140 | D:8      | Found Qeetsi's Gadget Shoppe.
  7233 | D:8      | Found a shimmering altar of Xom.
  7326 | D:8      | Noticed Psyche
  7334 | D:8      | Paralysed by something for 5 turns
  7652 | D:8      | Killed Psyche
  7765 | D:6      | Killed RussianWR's ghost
  8111 | D:9      | Reached ** piety under Sif Muna
  8223 | D:9      | Found a staircase to the Orcish Mines.
  8263 | D:9      | Noticed Joseph
  8511 | D:9      | Noticed Prince Ribbit
  8516 | D:9      | Killed Prince Ribbit
  8516 | D:9      | Reached skill level 10 in Spellcasting
  8609 | D:9      | Found a burning altar of Makhleb.
  8638 | D:9      | Found a staircase to the Lair.
  8670 | D:9      | Noticed Harold
  8697 | D:9      | Killed Harold
  8724 | D:9      | Reached *** piety under Sif Muna
  8755 | D:9      | Reached XP level 11. HP: 45/74 MP: 3/25
  8980 | D:9      | Killed Joseph
  9300 | D:10     | Entered Level 10 of the Dungeon
  9500 | D:10     | Reached **** piety under Sif Muna
  9656 | D:10     | Paralysed by a hornet for 3 turns
 11109 | D:11     | Noticed Grum
 11120 | D:11     | Killed Grum
 12205 | Lair:1   | Entered Level 1 of the Lair of Beasts
 12288 | Lair:1   | Reached ***** piety under Sif Muna
 12294 | Lair:1   | Identified Sif Muna's Guide on Igneous Changing (Sif Muna
                  | gifted it to you on level 1 of the Lair of Beasts)
 12294 | Lair:1   | Received a gift from Sif Muna
 12318 | Lair:1   | Learned a level 4 spell: Summon Lightning Spire
 12635 | Lair:1   | Reached XP level 12. HP: 69/81 MP: 10/28
 12716 | Lair:1   | Found a frozen archway.
 12726 | IceCv    | Entered an ice cave
 13701 | IceCv    | Reached skill level 1 in Fighting
 14307 | Lair:2   | Found a gate leading to a gauntlet.
 14318 | Gauntlet | Entered a Gauntlet
 14318 | Gauntlet | Found a transporter.
 14318 | Gauntlet | Found a transporter.
 14318 | Gauntlet | Found a transporter.
 14319 | Gauntlet | Found a transporter.
 14322 | Gauntlet | Found a transporter.
 14322 | Gauntlet | Found a transporter.
 14334 | Gauntlet | Found a transporter.
 14336 | Gauntlet | Found a transporter.
 14348 | Gauntlet | Found a transporter.
 14348 | Gauntlet | Noticed a catoblepas
 14448 | Gauntlet | Found a transporter.
 14452 | Gauntlet | Found a transporter.
 14461 | Gauntlet | Noticed a ghost crab
 14462 | Gauntlet | Found a transporter.
 14797 | Gauntlet | Killed a catoblepas
 14962 | Gauntlet | Identified the +8 shortbow of Xeymmis {flame, rF- rN+
                  | Int+6}
 14962 | Gauntlet | Identified the ring "Kurchuj Itoth" {rPois rF- rC+ Int-4
                  | Stlth+}
 14962 | Gauntlet | Noticed a minotaur
 14970 | Gauntlet | Killed a minotaur
 15040 | Lair:2   | Noticed a six-headed hydra
 15052 | Lair:2   | Killed a six-headed hydra
 15517 | Lair:2   | Found a shimmering blue altar of Sif Muna.
 15646 | Lair:2   | Found a staircase to the Swamp.
 15856 | Lair:2   | Reached XP level 13. HP: 90/90 MP: 21/31
 15961 | Lair:3   | Found a dark tunnel.
 15971 | Volcano  | Entered a volcano
 15984 | Volcano  | Reached skill level 15 in Conjurations
 16370 | Lair:3   | Noticed Snorg
 16394 | Lair:3   | Killed Snorg
 16423 | Lair:3   | Received a gift from Sif Muna
 16444 | Lair:3   | Learned a level 4 spell: Airstrike
 17049 | Lair:3   | Reached skill level 1 in Invocations
 17167 | Lair:3   | Reached skill level 1 in Air Magic
 17242 | Lair:4   | Found a hole to the Spider Nest.
 17272 | Lair:4   | Got a scintillating golden ring
 17274 | Lair:4   | Identified the ring of Cisaidav {rC++ Str+3 SInv} (You
                  | found it on level 4 of the Lair of Beasts)
 18612 | Lair:5   | Identified the Incunabulum of the Snowflakes
 18683 | Lair:5   | Noticed Nessos
 18696 | Lair:5   | Killed Nessos
 18696 | Lair:5   | Reached skill level 15 in Spellcasting
 19421 | Lair:6   | Entered Level 6 of the Lair of Beasts
 19980 | Lair:6   | Reached XP level 14. HP: 72/99 MP: 15/33
 20233 | Lair:6   | Found a staircase to the Slime Pits.
 20307 | Lair:6   | Found a transporter.
 20313 | Lair:6   | Noticed nht's ghost (journeyman TrTm)
 20425 | Lair:6   | Identified Qulustr Nafaff's Compendium of Warped Stones
                  | (Sif Muna gifted it to you on level 6 of the Lair of
                  | Beasts)
 20425 | Lair:6   | Received a gift from Sif Muna
 21144 | Lair:6   | Found a transporter.
 21434 | Lair:6   | Identified a scroll of acquirement
 21444 | Lair:6   | Identified a +2 pair of boots of running (You acquired it
                  | on level 6 of the Lair of Beasts)
 21545 | Lair:6   | Killed nht's ghost
 21803 | D:12     | Found Itedd's Antique Weapon Boutique.
 21814 | D:12     | Bought an ichor-stained spear for 208 gold pieces
 21814 | D:12     | Identified the +9 spear of the Enemy {flame, +Blink Str-3
                  | SInv Stlth-} (You bought it in a shop on level 12 of the
                  | Dungeon)
 21831 | D:12     | Got a bound turquoise ring
 21833 | D:12     | Identified the ring of Juumomiu {+Inv rC- Str+4 SInv} (You
                  | found it on level 12 of the Dungeon)
 22663 | D:13     | Noticed Azrael
 22671 | D:13     | Killed Azrael
 22682 | D:13     | Noticed Frances
 22705 | D:13     | Killed Frances
 22991 | D:13     | Found a basalt altar of Yredelemnul.
 23022 | D:13     | Noticed Sonja
 23033 | D:13     | Killed Sonja
 23417 | D:13     | You fall into a shaft and drop 2 floors!
 23417 | D:15     | Entered Level 15 of the Dungeon
 23443 | D:15     | Found Garghud's Blood Bar.
 23498 | D:14     | Identified Sif Muna's Catalogue of Damaging Clay (Sif Muna
                  | gifted it to you on level 14 of the Dungeon)
 23498 | D:14     | Received a gift from Sif Muna
 23499 | D:14     | Noticed Jorgrun
 23513 | D:14     | Killed Jorgrun
 23755 | D:13     | Reached XP level 15. HP: 74/111 MP: 33/35
 23813 | D:13     | Reached skill level 5 in Air Magic
 23862 | D:13     | Found a gate to the Vaults.
 23935 | D:13     | Learned a level 6 spell: Starburst
 23946 | D:13     | Upgraded the game from 0.25-a0-283-ge7e91ba8d0 to
                  | 0.25-a0-287-g56a5b49892
 24053 | D:14     | Reached skill level 1 in Fire Magic
 25579 | Orc:1    | Entered Level 1 of the Orcish Mines
 25754 | Orc:2    | Entered Level 2 of the Orcish Mines
 25896 | Orc:2    | Identified Baek's Almanac of Cloudy Confrontation (Sif Muna
                  | gifted it to you on level 2 of the Orcish Mines)
 25896 | Orc:2    | Received a gift from Sif Muna
 25896 | Orc:2    | Reached skill level 5 in Fighting
 25966 | Orc:2    | Learned a level 7 spell: Orb of Destruction
 25981 | Orc:2    | Learned a level 5 spell: Fireball
 26019 | Orc:2    | Found Ebuas's Food Shoppe.
 26052 | Orc:2    | Found a staircase to the Elven Halls.
 26591 | Orc:2    | Found Vuramick's Armour Shop.
 26591 | Orc:2    | Found Hotourom's Magic Scroll Boutique.
 26592 | Orc:2    | Found Tiwius's Assorted Antiques.
 26603 | Orc:2    | Found Ginoilosm's Weapon Shop.
 26609 | Orc:2    | Bought a scroll of identify for 34 gold pieces
 26609 | Orc:2    | Bought a scroll of identify for 34 gold pieces
 27758 | D:15     | Found Xaygib's Food Emporium.
 28044 | D:15     | Got an ancient platinum amulet
 28078 | D:15     | Found a staircase to the Depths.
 28107 | D:15     | Identified the amulet of Rujaoz {Acrobat +Blink rN+} (You
                  | found it on level 15 of the Dungeon)
 28293 | D:15     | Upgraded the game from 0.25-a0-287-g56a5b49892 to
                  | 0.25-a0-289-g406d6369f5
 28518 | Swamp:1  | Entered Level 1 of the Swamp
 28525 | Swamp:1  | Identified Sif Muna's Collected Works on Dislocation and
                  | Flight (Sif Muna gifted it to you on level 1 of the Swamp)
 28525 | Swamp:1  | Received a gift from Sif Muna
 29387 | Swamp:1  | Reached skill level 5 in Fire Magic
 29387 | Swamp:1  | Reached XP level 16. HP: 33/122 MP: 3/37
 30509 | Swamp:2  | Identified Sif Muna's Catalogue of Enchanting Conjuration
                  | (Sif Muna gifted it to you on level 2 of the Swamp)
 30509 | Swamp:2  | Received a gift from Sif Muna
 31204 | Swamp:3  | Noticed a thorn hunter
 32090 | Swamp:3  | Killed a thorn hunter
 32812 | Swamp:4  | Entered Level 4 of the Swamp
 33198 | Swamp:4  | Reached skill level 5 in Invocations
 34482 | Swamp:4  | Identified Sif Muna's Catalogue of Icy Orientation (Sif
                  | Muna gifted it to you on level 4 of the Swamp)
 34482 | Swamp:4  | Received a gift from Sif Muna
 34793 | Swamp:4  | Noticed a bone dragon
 34804 | Swamp:4  | Killed a bone dragon
 35103 | Swamp:4  | Got a decaying rune of Zot
 35332 | Spider:1 | Entered Level 1 of the Spider Nest
 35746 | Spider:1 | Reached XP level 17. HP: 134/134 MP: 12/39
 37124 | Spider:2 | Identified Sif Muna's Grimoire of the Entourage and Combat
                  | Magic (Sif Muna gifted it to you on level 2 of the Spider
                  | Nest)
 37124 | Spider:2 | Received a gift from Sif Muna
 38204 | Spider:3 | Noticed Nikola
 38447 | Spider:3 | Noticed Bai Suzhen
 38464 | Spider:2 | Killed Bai Suzhen
 39336 | Spider:3 | Killed Nikola
 39466 | Spider:3 | Reached skill level 10 in Fire Magic
 39474 | Spider:3 | Noticed Louise
 39621 | Spider:3 | Killed Louise
 40106 | Spider:4 | Entered Level 4 of the Spider Nest
 40440 | Spider:4 | Identified Sif Muna's Catalogue of Hurtful Necromancy (Sif
                  | Muna gifted it to you on level 4 of the Spider Nest)
 40440 | Spider:4 | Received a gift from Sif Muna
 41193 | Spider:4 | HP: 3/137 [spark wasp (12)]
 41193 | Spider:4 | Mangled by a spark wasp

Levels and vault maps discovered:
D:1:      nicolae_arrival_memento_mori, layout_rooms, serial_bayou_ford_a
D:2:      layout_loops_ring, gammafunk_temple_of_torment, lemuel_doored_altar,
          minivault_27, minivault_26
D:3:      layout_basic, cheibrodos_sewer_entry_bend, minmay_misc_feat_room,
          uniq_robin, uniq_purgy, uniq_natasha
D:4:      layout_loops_ring, kennysheep_okawaru_gauntlet,
          gammafunk_temple_overflow_statue, serial_shops, shop, shop,
          shop_coins, shop, shop, hangedman_decor_push
D:5:      layout_rooms, first_ration
D:6:      layout_rooms, grunt_temple_overflow_gold_and_silver,
          minmay_temple_entry_ruins, hellmonk_ghost_happy_afterlife,
          serial_shops, shop_coins
D:7:      layout_cave_pods, grunt_dithmenos_smoke, overflow_temple_1_default,
          the_bakery
D:8:      layout_loops_ring, old_standard_altar, xom_butterflies, serial_shops,
          shop, uniq_maurice, uniq_psyche
D:9:      layout_loops_ring, makhleb_grotto_becter, lair_entry_dummy,
          zombieorc2_lemuel, minivault_20, minivault_7, uniq_joseph,
          uniq_prince_ribbit1, uniq_harold
D:10:     layout_loops_ring, lightli_minifort
D:11:     layout_basic, centaur_isle, uniq_grum
D:12:     layout_loops_ring, serial_shops, shop, small_statue_alley_a
D:13:     layout_long_grid, david_vaults_2, basic_altar, uniq_frances,
          uniq_azrael, uniq_sonja
D:14:     layout_loops_cross, chequers_serial_rivers_small_b, uniq_jorgrun
D:15:     grunt_enter_depths_magical_seal, layout_irregular_city, serial_shops,
          nicolae_shop_statue_plus, chequers_serial_rivers_small_3,
          guppyfry_shop_blood
Temple:   dpeg_three_leaves_temple
Lair:1:   layout_cave_pods, portal_ice_cave_demonic_guard
Lair:2:   layout_chaotic_city, minmay_swamp_entry_worms, basic_altar,
          gauntlet_entry_generic, minmay_lair_oklob_chamber
Lair:3:   statuecave_lemuel, layout_chaotic_city, enter_volcano_1,
          serial_bayou_pond_d, grunt_megastairs_1, uniq_snorg
Lair:4:   layout_cave_pods, spider_nest_entry_rubble
Lair:5:   layout_regular_city, lookout_lair_type, serial_bayou_crossing,
          uniq_nessos
Lair:6:   grunt_lair_end_beastmaster, layout_gridlike,
          nicolae_slime_entry_slimehenge, gammafunk_ghost_arena,
          grunt_megastairs_5
Swamp:1:  layout_basic_swamp, nicolae_swamp_rocky_clearing,
          infiniplex_staircase_pool_2
Swamp:2:  layout_basic_swamp, hangedman_swamp_ruin_wall
Swamp:3:  layout_falls_marsh, hangedman_swamp_blocks
Swamp:4:  swamp_pestilence, layout_basic_swamp, swamp_pool5
Spider:1: layout_chambers
Spider:2: layout_spider_delve, hangedman_spider_mandibles
Spider:3: layout_spider_delve, uniq_louise, uniq_bai_suzhen, uniq_nikola
Spider:4: grunt_spider_rune_island, spiders_nest_hornet_nest, uniq_kirke
Orc:1:    layout_caves
Orc:2:    st_orc_mages, layout_diamond_mine, serial_shops, shop

Skill      XL: |  1  2  3  4  5  6  7  8  9 10 11 12 13 14 15 16 17 |
---------------+----------------------------------------------------+-----
Conjurations   | 5 6 7 8 9 10 12 13 14 16 17 18 | 18.5
Spellcasting   | 3 4 5 7 9 10 12 14 15 16 17 18 | 18.9
Shields        | 2 3 4 |  4.0
Fighting       | 1 2 4 6 8 9 |  9.1
Invocations    | 1 2 3 5 7 |  7.3
Air Magic      | 2 4 5 6 |  6.4
Fire Magic     | 5 8 10 | 10.6
Dodging        | |  1.7
Stealth        | |  1.7

Action                   |  1- 3 |  4- 6 |  7- 9 | 10-12 | 13-15 | 16-18 || total
-------------------------+-------+-------+-------+-------+-------+-------++-------
Melee: Mace              |    40 |    58 |       |       |       |       ||    98
       Tailslap          |     2 |    12 |     8 |    44 |    63 |    58 ||   187
       Dagger            |       |    28 |    69 |       |       |       ||    97
       Staff             |       |       |    19 |     8 |    20 |       ||    47
       Whip              |       |       |       |   426 |       |       ||   426
       Unarmed           |       |       |       |     6 |       |       ||     6
       Rapier            |       |       |       |    16 |       |       ||    16
       Scimitar          |       |       |       |       |   113 |       ||   113
       Spear             |       |       |       |       |   488 |   509 ||   997
Throw: Stone             |       |     1 |       |     1 |       |       ||     2
       Throwing net      |       |       |       |     1 |     3 |       ||     4
 Cast: Magic Dart        |    49 |    81 |    76 |    72 |    52 |       ||   330
       Searing Ray       |     3 |    15 |    37 |    52 |   101 |    35 ||   243
       Fulminant Prism   |       |       |     6 |   121 |   214 |    20 ||   361
       Iskenderun's Myst |       |       |       |     3 |    24 |    41 ||    68
       Summon Lightning  |       |       |       |       |    17 |     3 ||    20
       Airstrike         |       |       |       |       |    11 |     3 ||    14
       Fireball          |       |       |       |       |    35 |   186 ||   221
       Starburst         |       |       |       |       |    24 |    20 ||    44
       Orb of Destructio |       |       |       |       |    17 |   115 ||   132
Invok: Channel Magic     |       |       |       |     1 |     3 |    14 ||    18
 Abil: Breathe Fire      |       |       |     3 |    22 |    15 |       ||    40
       Evoke Flight      |       |       |       |       |     1 |       ||     1
Evoke: Wand              |       |       |     1 |     4 |     2 |     5 ||    12
       Lamp of fire      |       |       |       |       |       |     1 ||     1
  Use: Scroll            |       |     2 |     8 |     4 |    20 |     7 ||    41
       Potion            |       |       |       |     2 |     3 |     7 ||    12
 Stab: Sleeping          |       |       |     1 |       |       |       ||     1
       Distracted        |       |       |       |     1 |     1 |       ||     2
       Held in net/web   |       |       |       |       |     2 |       ||     2
  Eat: Chunk             |     2 |     9 |    11 |    21 |    44 |    34 ||   121
       Ration            |       |       |       |     4 |     4 |    13 ||    21
Armor: Skin              |    13 |    26 |    36 |   167 |   436 |   525 ||  1203
Dodge: Dodged            |    52 |    95 |   154 |   534 |   566 |   500 ||  1901
Block: Buckler           |       |       |       |   235 |   335 |   320 ||   890
       Rpst.: Scimitar   |       |       |       |       |    22 |       ||    22

Table legend:
 A = Non-vault XP
 B = Vault XP
 C = Vault XP percentage of total XP
 D = Non-vault monster count
 E = Vault monster count
 F = Vault count percentage of total count
                 A         B        C        D         E       F
            +---------+---------+-------+---------+---------+-------
      Total |  179812 |   94808 |  34.5 |     815 |     343 |  29.6
            +---------+---------+-------+---------+---------+-------
        D:1 |      36 |       0 |   0.0 |      22 |       0 |   0.0
        D:2 |      71 |     297 |  80.7 |      25 |       3 |  10.7
        D:3 |     190 |     208 |  52.3 |      18 |      16 |  47.1
        D:4 |     647 |       4 |   0.6 |      38 |       2 |   5.0
        D:5 |     260 |       0 |   0.0 |      11 |       0 |   0.0
        D:6 |     724 |     460 |  38.9 |      19 |       1 |   5.0
        D:7 |     245 |     211 |  46.3 |       6 |       1 |  14.3
        D:8 |    2368 |     923 |  28.0 |      23 |       2 |   8.0
        D:9 |    1185 |    4629 |  79.6 |      18 |      60 |  76.9
       D:10 |    2887 |     556 |  16.1 |      45 |       1 |   2.2
       D:11 |    1738 |    1226 |  41.4 |      15 |      10 |  40.0
       D:12 |    3829 |       0 |   0.0 |      19 |       0 |   0.0
       D:13 |   10044 |    7870 |  43.9 |      40 |      12 |  23.1
       D:14 |   12636 |    2415 |  16.0 |      37 |       1 |   2.6
       D:15 |    6282 |    3623 |  36.6 |      19 |       9 |  32.1
     Lair:1 |    4104 |     676 |  14.1 |      24 |       2 |   7.7
     Lair:2 |    3539 |    1395 |  28.3 |      11 |       4 |  26.7
     Lair:3 |    3926 |    2582 |  39.7 |      22 |       5 |  18.5
     Lair:4 |    1957 |       0 |   0.0 |       8 |       0 |   0.0
     Lair:5 |    9118 |    1531 |  14.4 |      28 |       2 |   6.7
     Lair:6 |    8165 |   11252 |  57.9 |      23 |      30 |  56.6
    Swamp:1 |   14038 |       0 |   0.0 |      41 |       0 |   0.0
    Swamp:2 |   15124 |       0 |   0.0 |      49 |       0 |   0.0
    Swamp:3 |   13004 |       0 |   0.0 |      24 |       0 |   0.0
    Swamp:4 |   13956 |   14329 |  50.7 |      28 |      43 |  60.6
   Spider:1 |    6686 |       0 |   0.0 |      24 |       0 |   0.0
   Spider:2 |   16122 |    5318 |  24.8 |      49 |       1 |   2.0
   Spider:3 |   13008 |    5335 |  29.1 |      42 |       4 |   8.7
   Spider:4 |    6741 |   10034 |  59.8 |      15 |      22 |  59.5
      Orc:1 |    3859 |       0 |   0.0 |      35 |       0 |   0.0
      Orc:2 |    3323 |    5009 |  60.1 |      37 |      43 |  53.8
      Sewer |       0 |      32 | 100.0 |       0 |      22 | 100.0
      IceCv |       0 |    5312 | 100.0 |       0 |      23 | 100.0
    Volcano |       0 |    4613 | 100.0 |       0 |      14 | 100.0
   Gauntlet |       0 |    4968 | 100.0 |       0 |      10 | 100.0
            +---------+---------+-------+---------+---------+-------
